AoeStats
← NCho

Golden Pit

509972661Analyzed
1v1 RM · 4d ago on Sep 28, 2026· 24m 53s· 2 players
Game mode
Random Map
Map size
Tiny (2 player)
Population
200
Speed
Normal
Resources
Standard
Victory
Conquest
Starting age
Dark Age
Ending age
Imperial Age
RankedLock teamsTeams togetherTeam positionsShared explorationLock speedFull tech treeHidden civsTurbo modeCheats
Victory
Defeat
🇺🇸 Khmer · United States
1029
+15
🇦🇷 Goths · Argentina
1000
-45
NCho
0:43 Loom
10:52 Feudal Age
11:27 Double-Bit Axe
11:35 Gold Mining
13:36 Wheelbarrow
Heavy Riff
6:17 Loom
9:38 Feudal Age
13:08 Forging
20:52 Castle Age
22:33 Scale Barding Armor
Connection lost

Rejoining the realm…

Still unreachable

The connection could not be restored.

Session expired

The server has moved on; the page needs a fresh start.